 Dungeon Sprint DCSS version 0.30-a0-996-ga6910c8ee8 (webtiles) character file.

Game seed: 5541454138773561850

118 DiggyJ the Ruffian (level 4, 50/50 HPs)
             Began as a Troll Berserker on Apr 5, 2023.
             Was a Believer of Trog.
             Quit the game in the Dungeon (Sprint III: "The Ten Rune Challenge").
             The game lasted 00:01:07 (91 turns).

DiggyJ the Ruffian (Troll Berserker)                  Turns: 91, Time: 00:01:08

Health: 50/50      AC:  6    Str: 26    XL:     4   Next: 72%
Magic:  3/3        EV: 10    Int:  7    God:    Trog [**....]
Gold:   32         SH:  0    Dex:  8    Spells: 3/3 levels left

rFire   . . .      SeeInvis .      - Unarmed
rCold   . . .      Faith    .    (no shield)
rNeg    . . .      Spirit   .    a - +0 animal skin
rPois   .          Reflect  .    (helmet restricted)
rElec   .          Rampage  .    (no cloak)
rCorr   .          NoTele   +    (gloves unavailable)
Will    ++...                    (boots unavailable)
Stlth   +                        (no amulet)
HPRegen 2.08/turn                (no ring)
MPRegen 0.08/turn                (no ring)

@: strong-willed, on berserk cooldown, regenerating
A: large, unfitting armour, claws 3, regeneration 1, shaggy fur 1, tough skin 1,
iridescent scales 1, clever 1
a: Renounce Religion, Berserk, Trog's Hand


You were in the Dungeon.
You worshipped Trog.
Trog was pleased with you.
You visited 1 branch You collected 32 gold pieces.

Inventory:

Armour
 a - a +0 animal skin (worn)
Scrolls
 g - a scroll of blinking
 h - 2 scrolls of poison {unknown}
 j - a scroll of identify
 m - a scroll of immolation {unknown}
Potions
 b - 2 potions of curing
 c - 2 potions of heal wounds
 d - a potion of haste
 e - 2 potions of magic
 f - a potion of berserk rage
 k - a potion of brilliance {unknown}
 l - a potion of flight {unknown}


   Skills:
 + Level 5.1 Fighting
 + Level 5.0 Dodging
 + Level 6.3 Unarmed Combat


You had 3 spell levels left.
You didn't know any spells.
Your spell library was empty.

Dungeon Overview and Level Annotations

Branches:
Dungeon (1/1)

Altars:


Innate Abilities, Weirdness & Mutations

You are too large for most types of armour.
You have claws for hands.
Your natural rate of healing is unusually fast.
You are covered in fur. (AC +1)
You have tough skin. (AC +1)
You are partially covered in iridescent scales. (AC +2)
Your mind is acute. (Int +4, Str/Dex -1)


Message History

i - 3 smoky white potions (gained 1);
c - 2 potions of heal wounds (gained 1)
You now have 32 gold pieces (gained 13).
As you read the scroll labelled RIAPETHR JAWEICI, it crumbles to dust.
It is a scroll of identify.
i - 3 potions of mutation Really quaff the potion of mutation?
You feel extremely strange.
You feel stronger.
Really quaff the potion of mutation?
You feel extremely strange.
You feel weaker.
You occasionally lose the ability to read scrolls when taking damage.
You feel stronger.
Your fur grows into a thick mane.
You feel yourself speed up.
HP restored.
There is an open door here.
As you open the door, it creaks loudly!
A water elemental comes into view.
Your skin crawls.
You feel strong-willed.
You mangle the water elemental!!
The water elemental is severely damaged.
The water elemental hits you.
The water elemental engulfs you in water!
You claw the water elemental!
You destroy the water elemental!
Trog accepts your kill. The water engulfing you falls away.
You gasp with relief as air once again reaches your lungs.
Your Fighting skill increases to level 5!
Your Dodging skill increases to level 5!
Your Unarmed Combat skill increases to level 6!
You have reached level 4!
Really quaff the potion of mutation?
You feel extremely strange.
Your thick fur recedes somewhat.
You feel weaker.
You no longer become unable to read scrolls after taking damage.
You feel clever.
Iridescent scales grow over part of your body.
Are you sure you want to abandon this character and quit the game? (Confirm with "yes".)

▓▓▓▓▓▓▓▓ ▓▓▓ <..#...####
##.# ...#......#####..#
..##...)...#..#..#
##.##.##...#..#..# #+#+#
##.##.###..##'#..#......
#.####.##..###..@'.⌠....
.###..##..####...#...###
#..†..##..###....# ⌠.#
###..##...##.....# .#
##..##....#..†...# #
#..###..##.#.....# #..#
#..#####....# ▓▓▓▓ ▓▓▓▓
▓▓▓▓▓▓


There were no monsters in sight!

Vanquished Creatures
  A water elemental (D)
  Jessica (D)
  A human (D)
  A wolf (D)
  2 rats (D)
6 creatures vanquished.

Notes
Turn   | Place    | Note
-------+----------+-------------------------------------------
     0 | D        | DiggyJ the Troll Berserker began the quest for the Orb.
     0 | D        | Reached XP level 1. HP: 22/22 MP: 0/0
    28 | D        | Noticed Jessica
    31 | D        | Killed Jessica
    31 | D        | Reached ** piety under Trog
    32 | D        | Reached skill level 4 in Unarmed Combat
    32 | D        | Reached XP level 2. HP: 32/32 MP: 1/1
    55 | D        | Reached XP level 3. HP: 7/39 MP: 2/2
    58 | D        | Reached skill level 5 in Unarmed Combat
    74 | D        | Gained mutation: Your muscles are strong. (Str +4, Int/Dex
                  | -1) [potion of mutation]
    75 | D        | Lost mutation: Your muscles are strong. (Str +4, Int/Dex
                  | -1) [potion of mutation]
    75 | D        | Gained mutation: You occasionally lose the ability to read
                  | scrolls when taking damage. [potion of mutation]
    75 | D        | Gained mutation: Your muscles are strong. (Str +4, Int/Dex
                  | -1) [potion of mutation]
    75 | D        | Gained mutation: You are covered in thick fur. (AC +2)
                  | [potion of mutation]
    86 | D        | Noticed a water elemental
    89 | D        | Killed a water elemental
    90 | D        | Reached skill level 5 in Fighting
    90 | D        | Reached skill level 5 in Dodging
    90 | D        | Reached skill level 6 in Unarmed Combat
    90 | D        | Reached XP level 4. HP: 50/50 MP: 3/3
    90 | D        | Lost mutation: You are covered in thick fur. (AC +2)
                  | [potion of mutation]
    90 | D        | Lost mutation: Your muscles are strong. (Str +4, Int/Dex
                  | -1) [potion of mutation]
    90 | D        | Lost mutation: You occasionally lose the ability to read
                  | scrolls when taking damage. [potion of mutation]
    90 | D        | Gained mutation: Your mind is acute. (Int +4, Str/Dex -1)
                  | [potion of mutation]
    90 | D        | Gained mutation: You are partially covered in iridescent
                  | scales. (AC +2) [potion of mutation]
    91 | D        | Quit the game

Illustrated notes

Levels and vault maps discovered:
D:        dungeon_sprint_mu [sprint_mu_entry_cave, sprint_mu_temple_rooms,
          sprint_mu_d1_horrors, sprint_mu_d2_genie, sprint_mu_d3_branching,
          sprint_mu_orc_legion, sprint_mu_elf_gauntlet, sprint_mu_hive_nellie,
          sprint_mu_lair_fedhas, sprint_mu_vaults_butterflies,
          sprint_mu_slime_circle, sprint_mu_swamp_cave, sprint_mu_shoals_archi,
          sprint_mu_blade_basic, sprint_mu_crypt_lich, sprint_mu_tomb_spiral,
          sprint_mu_vestibule_basic, sprint_mu_gehenna_hellfire,
          sprint_mu_dis_giant, sprint_mu_tartarus_statrot,
          sprint_mu_cocytus_islands, sprint_mu_zot1]

Skill      XL: |  1  2  3 |
---------------+----------+-----
Fighting       | 3 4 5 |  5.1
Dodging        | 3 4 5 |  5.0
Unarmed Combat | 4 6 |  6.3

Action                     |  1- 3 |  4- 6 || total
---------------------------+-------+-------++-------
  Melee: Unarmed           |    12 |       ||    12
         Punch             |     1 |       ||     1
 Invoke: Berserk           |     1 |       ||     1
         Trog's Hand       |     1 |       ||     1
    Use: Potion            |     2 |     1 ||     3
         Scroll            |     1 |       ||     1
 Armour: Animal skin       |     4 |       ||     4
  Dodge: Dodged            |     5 |       ||     5

Table legend: (Time is in decaauts)
 A = Elapsed time spent in this place.
 B = Non-inter-level travel time spent in this place.
 C = Inter-level travel time spent in this place.
 D = Time resting spent in this place.
 E = Time spent auto-exploring this place.
 F = Levels seen in this place.
 G = Mean time per level.
                   A        B        C        D        E       F      G
               +--------+--------+--------+--------+--------+-----+--------+
         Total |     97 |     97 |      0 |      0 |     40 |   1 |   97.0 |
       Dungeon |     97 |     97 |      0 |      0 |     40 |   1 |   97.0 |
               +--------+--------+--------+--------+--------+-----+--------+

Top non-repeatable levels by time:
       D: 97 daAuts
